 Dungeon Crawl Stone Soup version 0.27-a0-1434-g6f15984924 (webtiles) character file.

Game seed: 7687976197334251727

18930 Majang the Basher (level 12, -11/106 HPs)
             Began as a Deep Dwarf Transmuter on July 2, 2021.
             Was a High Priest of Cheibriados.
             Killed from afar by a will-o-the-wisp (18 damage)
             ... with a foxfire
             ... on level 2 of the Lair of Beasts on July 3, 2021.
             The game lasted 01:26:30 (13611 turns).

Majang the Basher (Deep Dwarf Transmuter)          Turns: 13611, Time: 01:26:31

Health: -11/106    AC: 25    Str: 30    XL:     12   Next: 32%
Magic:  13/15      EV: 18    Int: 29    God:    Cheibriados [*****.]
Gold:   975        SH:  7    Dex: 25    Spells: 17/23 levels left

rFire    . . .     SeeInvis .   a - +2 flail (vorpal)
rCold    . . .     Faith    .   G - +0 buckler
rNeg     . . .     Spirit   .   K - +3 plate armour
rPois    +         Reflect  .   i - +0 helmet
rElec    .         Harm     .   R - +2 cloak {rPois}
rCorr    .         Rampage  .   A - +2 pair of gloves
Will     +....                  z - +0 pair of boots
Stlth    ..........             r - amulet of the acrobat
HPRegen  0.00/turn              c - +4 ring of evasion
MPRegen  0.14/turn              h - ring "Hyiralan" {Wiz Str+2}

@: wereblooded, very slow
A: damage resistance, heal wounds, sense surroundings 2, no regeneration
a: Heal Wounds, Renounce Religion, Bend Time, Temporal Distortion, Slouch, Step
From Time


You were on level 2 of the Lair of Beasts.
You worshipped Cheibriados.
Cheibriados was extremely pleased with you.
You visited 3 branches of the dungeon, and saw 14 of its levels.
You also visited: Ossuary.

You collected 1078 gold pieces.
You spent 103 gold pieces at shops.

Inventory:

Hand Weapons
 a - a +2 vorpal flail (weapon)
 b - a +1 broad axe
 y - a +1 flail of holy wrath
 B - a +2 vampiric falchion
 Q - a +0 flail of protection
Missiles
 o - 10 curare-tipped darts
 p - 5 javelins
 q - 32 boomerangs (quivered)
Armour
 i - a +0 helmet (worn)
 x - a +3 chain mail of willpower
 z - a +0 pair of boots (worn)
 A - a +2 pair of gloves (worn)
 G - a +0 buckler (worn)
 K - a +3 plate armour (worn)
 R - a +2 cloak of poison resistance (worn)
Jewellery
 c - a +4 ring of evasion (left hand)
 d - an amulet of magic regeneration
 h - the ring "Hyiralan" (right hand) {Wiz Str+2}
   (You found it on level 11 of the Dungeon)

   [ring of wizardry]

   It improves your spell success rate.
   Str:       It affects your strength (+2).
 j - a ring of resist corrosion
 r - an amulet of the acrobat (around neck)
 w - a ring of magical power
 F - a +4 ring of evasion
 O - an amulet of reflection
 P - a +6 ring of dexterity
Wands
 E - a wand of iceblast (6)
 M - a wand of flame (20)
Scrolls
 f - 2 scrolls of blinking
 l - a scroll of amnesia
 n - 3 scrolls of identify
 u - 7 scrolls of teleportation
 v - 2 scrolls of immolation
 I - 2 scrolls of fog
Potions
 e - a potion of cancellation
 g - 3 potions of magic
 k - 3 potions of flight
 m - 8 potions of lignification
 s - 3 potions of mutation
 t - 2 potions of curing
 C - 3 potions of might
 D - a potion of attraction
 H - 2 potions of heal wounds
 J - a potion of brilliance


   Skills:
 + Level 6.4 Fighting
 * Level 9.7 Maces & Flails
 + Level 5.2 Throwing
 + Level 7.5 Armour
 + Level 8.0 Dodging
 - Level 4.6 Shields
 - Level 2.6 Unarmed Combat
 + Level 6.0 Spellcasting
 + Level 6.6 Transmutations
 + Level 7.5 Invocations


You had 17 spell levels left.
You knew the following spells:

 Your Spells              Type           Power      Damage    Failure   Level
a - Beastly Appendage     Tmut           94%        N/A       1%          1
b - Wereblood             Tmut           47%        N/A       1%          2
B - Lesser Beckoning      Tloc           4%         N/A       45%         3

Your spell library contained the following spells:

 Spells                   Type           Power      Damage    Failure   Level
 Spider Form              Tmut/Pois      14%        N/A       16%         3
 Animate Skeleton         Necr           16%        N/A       19%         1
 Pain                     Necr           32%        1d5       19%         1
 Blink                    Tloc           N/A        N/A       26%         2
 Ensorcelled Hibernation  Hex/Ice        16%        N/A       26%         2
 Poisonous Vapours        Pois/Air       16%        N/A       26%         2
 Slow                     Hex            8%         N/A       26%         2
 Static Discharge         Conj/Air       8%         N/A       26%         2
 Blade Hands              Tmut           23%        N/A       32%         5
 Ice Form                 Ice/Tmut       28%        N/A       43%         4
 Call Canine Familiar     Summ           8%         N/A       45%         3
 Confusing Touch          Hex            8%         N/A       45%         3
 Mephitic Cloud           Conj/Pois/Air  8%         N/A       45%         3
 Portal Projectile        Hex/Tloc       16%        N/A       45%         3
 Tukima's Dance           Hex            8%         N/A       45%         3
 Vampiric Draining        Necr           4%         2d6       45%         3
 Yara's Violent Unravell  Hex/Tmut       14%        3d7       77%         5
 Animate Armour           Summ/Erth      16%        N/A       86%         4
 Dispel Undead            Necr           8%         3d8       86%         4
 Leda's Liquefaction      Hex/Erth       4%         N/A       86%         4
 Passage of Golubria      Tloc           N/A        N/A       86%         4
 Sticky Flame             Conj/Fire      8%         2d3       86%         4
 Summon Ice Beast         Ice/Summ       8%         N/A       86%         4
 Freezing Cloud           Conj/Ice/Air   4%         6-21      99%         5
 Manifold Assault         Tloc           8%         N/A       99%         5
 Summon Mana Viper        Hex/Summ       8%         N/A       99%         5
 Iron Shot                Conj/Erth      4%         9d2       100%        6
 Shadow Creatures         Summ           N/A        N/A       100%        6
 Monstrous Menagerie      Summ           4%         N/A       100%        7


Dungeon Overview and Level Annotations

Branches:
Dungeon (11/15)            Temple (1/1) D:6            Lair (2/6) D:11
  Swamp (0/4) Lair:2          Orc (0/2) D:9         Ossuary (visited)
  Snake: Lair:2-4    Spider: Lair:2-4

Altars:
Ashenzari
Cheibriados
Dithmenos
Elyvilon
Fedhas
Gozag
Hepliaklqana
Kikubaaqudgha
Makhleb
Nemelex Xobeh
Okawaru
Qazlal
Ru
Sif Muna
Trog
Uskayaw
Vehumet
Wu Jian
Xom
Yredelemnul
Zin
The Shining One

Shops:
D:3 [

Annotations:
Lair:1 exclusion: oklob plant


Innate Abilities, Weirdness & Mutations

You are resistant to damage.
You can heal yourself by infusing magical energy.
You passively map the area around you.
You do not regenerate.


Message History

As you read the scroll of enchant weapon, it crumbles to dust.
Your +0 broad axe glows red for a moment.
Found a leather armour.
Found a trident.
Found 2 potions of lignification and a leather armour.
m - 8 potions of lignification (gained 2)
Found 13 gold pieces.
Found 20 sling bullets.
Found an escape hatch in the ceiling.
Found a stone staircase leading down.
You now have 975 gold pieces (gained 13).
A will-o-the-wisp comes into view.
The will-o-the-wisp gives a chilling moan.
Found a staircase to the Swamp.
The will-o-the-wisp gestures.
The will-o-the-wisp conjures some foxfire! 2 foxfires come into view.
Unknown command.
The foxfire hits you!! x2
* * * LOW HITPOINT WARNING * * *
Unknown command.
Throw: 32 boomerangs
Press: ? - help, Q - select action, (/) - cycle Shift-Dir - straight line, f - will-o-the-wisp
Aim: a will-o-the-wisp (wisps of flame, 69% to hit)
You throw a boomerang. The boomerang hits the will-o-the-wisp.
The will-o-the-wisp is lightly damaged.
Unknown command.
Casting: Wereblood (safe; 1% risk of failure)
Confirm with . or Enter, or press ? or * to list all spells.
Your blood is infused with primal strength.
You barely miss the will-o-the-wisp.
The will-o-the-wisp is lightly damaged.
The will-o-the-wisp gestures.
The will-o-the-wisp conjures some foxfire! 2 foxfires come into view.
You closely miss the will-o-the-wisp.
The will-o-the-wisp is lightly damaged.
The foxfire hits you!
* * * LOW HITPOINT WARNING * * *
The foxfire hits you!!
You die...

, ,.§§§. * *
§§§§§§ * * *
.§≈§§§* ,* ..
* * P....# , ,
, ,#.. * #...P
, ...# * ...#
, ....#####§§#
,**.....#..vv#
#.......@.# ,
..##....PP# ,
* ###...##
###..## ,*
##....# *
#.<...##
#..#.#.### ###
* #..#.....###
#.# * *
,###......#.#
###..


You could see a will-o-the-wisp.

Vanquished Creatures
  4 two-headed ogres
  The ghost of morra the Changer, a novice OpTm of Uskayaw (D:7)
  A manticore (D:6)
  A cyclops (D:9)
  A black mamba (Lair:1)
  5 elephants (Lair:1)
  2 cane toads
  A komodo dragon (Lair:1)
  2 polar bears
  4 trolls
  2 hornets
  A meliai zombie (D:10)
  Sigmund (D:3)
  3 wyverns (D:11)
  2 wraiths (D:11)
  2 basilisks (D:11)
  17 yaks
  A steam dragon (D:7)
  2 acid dragons
  8 water moccasins
  A swamp drake (D:9)
  13 orc warriors
  3 black bears
  2 necrophages (D:6)
  3 ogres
  2 wolves (D:11)
  A centaur (D:9)
  A phantom (D:7)
  3 kobold brigands
  7 bullfrogs
  3 water moccasin zombies
  A scorpion (D:5)
  A wyvern skeleton (D:6)
  11 killer bees
  A howler monkey (D:3)
  A crimson imp (D:5)
  5 quasits (D:7)
  4 centaur zombies
  A gnoll shaman (D:9)
  A bullfrog skeleton (D:6)
  11 orc priests
  2 hounds
  3 centaur skeletons
  Jessica (D:3)
  Natasha (thrice) (D:3)
  Terence (D:3)
  An iguana (D:4)
  12 orc wizards
  A hound skeleton (D:4)
  2 mummies (Ossuary)
  Robin (D:4)
  2 howler monkey zombies
  10 gnolls
  5 adders
  A howler monkey skeleton (D:6)
  2 ufetubi
  3 adder zombies (Ossuary)
  2 worms
  3 dart slugs
  48 orcs
  3 ball pythons
  6 endoplasms
  3 giant cockroaches
  17 goblins
  10 hobgoblins
  9 jackals
  2 quokkas (D:2)
  5 bats
  3 frilled lizards
  7 gnoll zombies (Ossuary)
  2 goblin zombies (D:6)
  8 hobgoblin zombies (Ossuary)
  20 kobolds
  5 kobold zombies (Ossuary)
  4 orc zombies (Ossuary)
  5 rats
349 creatures vanquished.

Vanquished Creatures (others)
  2 orcs
  A jackal (D:4)
  A demonic plant (D:1)
  3 foxfires (Lair:2)
  8 fungi
  19 plants
  A withered plant (D:1)
35 creatures vanquished.

Grand Total: 384 creatures vanquished

Notes
Turn   | Place    | Note
-------+----------+-------------------------------------------
     0 | D:1      | Majang the Deep Dwarf Transmuter began the quest for the
                  | Orb.
     0 | D:1      | Reached XP level 1. HP: 16/16 MP: 3/3
    54 | D:1      | Reached skill level 1 in Fighting
    72 | D:1      | Reached XP level 2. HP: 22/25 MP: 2/4
   112 | D:1      | Learned a level 2 spell: Wereblood
   289 | D:1      | Found a faded altar of an unknown god.
   753 | D:1      | Reached skill level 1 in Armour
   880 | D:1      | Reached XP level 3. HP: 32/32 MP: 2/6
  1735 | D:2      | Reached skill level 1 in Maces & Flails
  1767 | D:2      | Reached XP level 4. HP: 39/39 MP: 3/7
  2177 | D:3      | Noticed Jessica
  2209 | D:3      | Killed Jessica
  2285 | D:3      | Noticed Terence
  2298 | D:3      | Killed Terence
  2461 | D:3      | Noticed a scorpion
  2461 | D:3      | Noticed a water moccasin
  2569 | D:3      | Reached XP level 5. HP: 36/45 MP: 4/8
  2911 | D:3      | Reached skill level 2 in Maces & Flails
  2923 | D:3      | Noticed Sigmund
  2947 | D:3      | Killed Sigmund
  2948 | D:3      | Reached XP level 6. HP: 42/55 MP: 8/8
  3002 | D:3      | Found Dojueseo's Antique Armour Shop.
  3012 | D:3      | Bought a cloak for 103 gold pieces
  3297 | D:3      | Noticed Natasha
  3307 | D:3      | Killed Natasha
  3507 | D:3      | Noticed Natasha
  3518 | D:3      | Killed Natasha
  3519 | D:3      | Reached skill level 3 in Maces & Flails
  3733 | D:3      | Noticed Natasha
  3744 | D:3      | Killed Natasha
  3895 | D:4      | Found a radiant altar of Vehumet.
  4464 | D:4      | Noticed Robin
  4474 | D:4      | Killed Robin
  4475 | D:4      | Reached XP level 7. HP: 56/61 MP: 7/9
  4721 | D:5      | Entered Level 5 of the Dungeon
  5294 | D:5      | Reached skill level 4 in Maces & Flails
  5811 | D:5      | Found a shimmering altar of Xom.
  5811 | D:5      | Found a burning altar of Makhleb.
  5881 | D:6      | Found a sand-covered staircase.
  5894 | Ossuary  | Entered an ossuary
  6162 | D:6      | Reached XP level 8. HP: 60/69 MP: 10/10
  6353 | D:6      | Reached skill level 5 in Maces & Flails
  6401 | D:6      | Found a staircase to the Ecumenical Temple.
  6409 | D:6      | Reached skill level 1 in Throwing
  6416 | Temple   | Entered the Ecumenical Temple
  6543 | Temple   | Became a worshipper of Cheibriados the Contemplative
  6615 | D:6      | Found a large runed translucent door.
  6615 | D:6      | Found a large runed translucent door.
  6615 | D:6      | Noticed a troll
  6617 | D:6      | Noticed a manticore
  6634 | D:6      | Found a large runed translucent door.
  6634 | D:6      | Found a large runed translucent door.
  6760 | D:6      | Noticed a troll
  6773 | D:6      | Reached skill level 1 in Invocations
  6779 | D:6      | Killed a troll
  6780 | D:6      | Reached skill level 5 in Dodging
  7174 | D:6      | Gained mutation: You passively map the area around you.
                  | [Deep Dwarf growth]
  7174 | D:6      | Reached XP level 9. HP: 54/78 MP: 12/12
  7189 | D:6      | Noticed a white ugly thing
  7222 | D:7      | Noticed morra's ghost (novice OpTm)
  7242 | D:7      | Found a transporter.
  7329 | D:7      | Reached skill level 6 in Maces & Flails
  7338 | D:7      | Found a sacrificial altar of Ru.
  7429 | D:7      | Reached * piety under Cheibriados
  7472 | D:7      | Found a glowing silver altar of Zin.
  7503 | D:7      | Found a transporter.
  7921 | D:7      | Found a hazy altar of Hepliaklqana.
  7922 | D:7      | Found a shadowy altar of Dithmenos.
  8029 | D:8      | Paralysed by a hornet for 1 turns
  8211 | D:8      | Identified the +1 dagger "Feziroli" {vorpal, Drain rPois
                  | Dex+3 Stlth+}
  8406 | D:8      | Reached skill level 5 in Armour
  8416 | D:8      | Reached skill level 1 in Shields
  8782 | D:9      | Noticed a cyclops
  8787 | D:9      | Killed a cyclops
  8829 | D:9      | Noticed a two-headed ogre
  8838 | D:9      | Reached skill level 7 in Maces & Flails
  8838 | D:9      | Reached XP level 10. HP: 65/87 MP: 13/13
  8861 | D:9      | Killed a two-headed ogre
  8861 | D:9      | Reached ** piety under Cheibriados
  8862 | D:9      | Reached skill level 5 in Transmutations
  9065 | D:9      | Noticed a two-headed ogre
  9079 | D:9      | Killed a two-headed ogre
  9080 | D:9      | Reached skill level 5 in Fighting
  9086 | D:9      | Reached skill level 5 in Invocations
  9442 | D:9      | Found a staircase to the Orcish Mines.
  9672 | D:9      | Reached *** piety under Cheibriados
  9683 | D:10     | Entered Level 10 of the Dungeon
  9737 | D:10     | Learned a level 3 spell: Lesser Beckoning
  9742 | D:10     | Noticed a two-headed ogre
  9753 | D:10     | Killed a two-headed ogre
  9754 | D:10     | Reached skill level 8 in Maces & Flails
  9754 | D:10     | Reached skill level 5 in Spellcasting
 10171 | D:10     | Reached XP level 11. HP: 76/96 MP: 13/15
 10898 | D:11     | Found a staircase to the Lair.
 10901 | D:11     | Identified the ring "Hyiralan" {Wiz Str+2}
 10943 | D:11     | Reached **** piety under Cheibriados
 11559 | D:11     | Noticed a two-headed ogre
 11575 | D:11     | Killed a two-headed ogre
 12145 | D:7      | Killed morra's ghost
 12146 | D:7      | Reached skill level 9 in Maces & Flails
 12238 | D:6      | Upgraded the game from 0.27-a0-1423-ge5d6b6ab6a to
                  | 0.27-a0-1434-g6f15984924
 12356 | Lair:1   | Entered Level 1 of the Lair of Beasts
 12378 | Lair:1   | Reached ***** piety under Cheibriados
 12521 | Lair:1   | Noticed an oklob plant
 12733 | Lair:1   | Reached XP level 12. HP: 88/105 MP: 14/14
 12799 | Lair:1   | Reached skill level 5 in Throwing
 13605 | Lair:2   | Found a staircase to the Swamp.
 13611 | Lair:2   | Killed from afar by a will-o-the-wisp

Illustrated notes

Levels and vault maps discovered:
D:1:      shiori_arrival_oz, layout_loops_ring, shapermc_ecumenical_altar_gd
D:2:      layout_rooms, st_stairs_11, dk_noncrumbling_4, serial_bayou_pond_e,
          minmay_unequal
D:3:      layout_basic, serial_shops, nicolae_lakefront_shop,
          minmay_misc_feat_cross, hex_large, lightli_corner_chamber,
          uniq_terence, uniq_natasha, uniq_sigmund, uniq_jessica
D:4:      kennysheep_goblin_castle, layout_basic, fiery_altar_vehumet
D:5:      layout_loops_corners, grunt_temple_overflow_champion_of_chaos
D:6:      layout_gridville, minmay_temple_entry_stoned_glass, enter_ossuary_4,
          minmay_hollow_rounded_squares
D:7:      layout_loops_ring, lemuel_round_altar,
          riverfiend_overflow_shadow_ancestor, lemuel_doored_altar,
          gammafunk_ghost_stat_death
D:8:      layout_rooms
D:9:      layout_stronghold, erik_orc_1
D:10:     layout_stronghold
D:11:     layout_roguey [special_room_orc], minmay_lair_entry_grove
Temple:   regret_index_temple_waves
Lair:1:   layout_chaotic_city, minmay_lair_oklob_chamber, grunt_megastairs_2
Lair:2:   layout_cave_pods, minmay_swamp_entry_wisps, special_room
          [special_room_bee], nzn_sisyphean_effort

Skill      XL: |  1  2  3  4  5  6  7  8  9 10 11 12 |
---------------+-------------------------------------+-----
Fighting       | 1 2 3 4 5 6 |  6.4
Transmutations | 2 3 4 5 6 |  6.6
Spellcasting   | 2 3 4 5 6 |  6.0
Armour         | 1 2 3 4 5 6 7 |  7.5
Maces & Flails | 1 2 3 4 5 7 8 9 |  9.7
Dodging        | 3 4 5 6 7 8 |  8.0
Throwing       | 1 3 4 5 |  5.2
Invocations    | 2 4 5 7 |  7.5
Shields        | 1 3 4 |  4.6
Unarmed Combat | |  2.6

Action                   |  1- 3 |  4- 6 |  7- 9 | 10-12 || total
-------------------------+-------+-------+-------+-------++-------
Melee: Unarmed           |    71 |       |       |       ||    71
       Headbutt          |    21 |    12 |     9 |    12 ||    54
       Kick              |    18 |    22 |    15 |    15 ||    70
       Club              |    36 |       |       |       ||    36
       Whip              |    19 |     7 |       |       ||    26
       Punch             |     2 |     2 |     8 |       ||    12
       Mace              |       |    32 |       |       ||    32
       Flail             |       |   131 |   477 |   657 ||  1265
       Falchion          |       |       |    58 |       ||    58
       War axe           |       |       |       |    26 ||    26
Throw: Boomerang         |       |       |     2 |     2 ||     4
 Cast: Beastly Appendage |    27 |    21 |     9 |     4 ||    61
       Wereblood         |    19 |    25 |    50 |    51 ||   145
       Lesser Beckoning  |       |       |       |     5 ||     5
Invok: Bend Time         |       |       |     2 |     1 ||     3
       Slouch            |       |       |       |     2 ||     2
 Abil: Heal Wounds       |       |     5 |     4 |    13 ||    22
Evoke: Wand              |       |       |     5 |     1 ||     6
  Use: Potion            |       |     1 |     2 |     3 ||     6
       Scroll            |       |     8 |    11 |     8 ||    27
 Stab: Confused          |       |       |       |     1 ||     1
Armor: Robe              |    12 |     4 |       |       ||    16
       Ring mail         |       |    42 |   198 |     7 ||   247
       Chain mail        |       |       |       |   184 ||   184
       Plate armour      |       |       |       |   331 ||   331
Dodge: Dodged            |    86 |   156 |   540 |   835 ||  1617
Block: Buckler           |       |       |    32 |   337 ||   369
       Rpst.: Falchion   |       |       |    21 |       ||    21

Table legend: (Time is in decaauts)
 A = Elapsed time spent in this place.
 B = Non-inter-level travel time spent in this place.
 C = Inter-level travel time spent in this place.
 D = Time resting spent in this place.
 E = Time spent auto-exploring this place.
 F = Levels seen in this place.
 G = Mean time per level.
                   A        B        C        D        E       F      G
               +--------+--------+--------+--------+--------+-----+--------+
         Total |  16856 |  15525 |   1331 |    278 |   9579 |  15 | 1123.7 |
       Dungeon |  14316 |  13134 |   1182 |    265 |   9091 |  11 | 1301.5 |
        Temple |    164 |     80 |     84 |      0 |      0 |   1 |  164.0 |
          Lair |   2115 |   2051 |     64 |     11 |    488 |   2 | 1057.5 |
       Ossuary |    260 |    260 |      0 |      2 |      0 |   1 |  260.0 |
               +--------+--------+--------+--------+--------+-----+--------+

Top non-repeatable levels by time:
     D:3: 1863 daAuts
    D:11: 1679 daAuts
    D:10: 1657 daAuts
     D:9: 1497 daAuts
     D:6: 1326 daAuts
     D:7: 1277 daAuts
  Lair:1: 1250 daAuts
     D:1: 1198 daAuts
     D:4: 1026 daAuts
     D:5: 1014 daAuts
     D:8: 935 daAuts
  Lair:2: 865 daAuts
     D:2: 840 daAuts
 Ossuary: 260 daAuts
  Temple: 164 daAuts
